 Dungeon Crawl Stone Soup version 0.18-a0-987-g0b0e4e7 (webtiles) character file.

186393 Chiseanne the Pandemonic (level 17, -9/131 HPs)
             Began as a Demonspawn Fighter on Jan 3, 2016.
             Was a High Priest of Makhleb.
             Killed by divine providence
             ... invoked by a balrug
             ... summoned by the player character
              (14 damage)
             ... on level 1 of the Vaults.
             The game lasted 02:13:18 (31420 turns).

Chiseanne the Pandemonic (Demonspawn Fighter)      Turns: 31420, Time: 02:13:18

Health: -9/131     AC: 24    Str: 22    XL:     17   Next: 14%
Magic:  38/38      EV: 12    Int: 17    God:    Makhleb [*****.]
Gold:   1834       SH: 14    Dex: 31    Spells: 1 memorised, 15 levels left

rFire  + . .     SeeInvis +     a - +7 hand axe (elec)
rCold  + . .     Gourm    .     O - +1 plate armour {rF+}
rNeg   + . .     Faith    .     R - +0 buckler "Quwit" {*Drain MR+ Dex+4 Stlth+}
rPois  +         Spirit   .     r - +2 hat {Int+3}
rElec  +         Dismiss  .     G - +2 cloak of the Swan {MP+9 SInv}
rCorr  .         Reflect  +     (gloves unavailable)
SustAt .         Harm     .     c - +2 pair of boots {Fly}
MR     ++...                    P - amulet of the Lily {Reflect rElec rN+ Str+3 Int+3 SH+4}
Stlth  ++........               g - ring of poison resistance
                                D - ring of protection from cold

@: agile, lethally poisoned (-9 -> -11), flying, very resistant to hostile
enchantments, unstealthy
A: claws 3, thin skeletal structure 3, powered by pain 2, spiny 1
a: Minor Destruction, Lesser Servant of Makhleb, Major Destruction, Greater
Servant of Makhleb, Renounce Religion, Stop Flying
}: 2/15 runes: decaying, gossamer


You were on level 1 of the Vaults.
You worshipped Makhleb.
Makhleb was extremely pleased with you.
You were hungry.

You visited 7 branches of the dungeon, and saw 35 of its levels.
You also visited: Labyrinth.

You collected 3714 gold pieces.
You spent 1880 gold pieces at shops.

Inventory:

Hand Weapons
 a - a +7 hand axe of electrocution (weapon)
 d - the +10 trident of Cowardice {freeze, +Blink rPois MR+}
   (You took it off a minotaur in a labyrinth)

   It has been specially enchanted to freeze those struck by it, causing extra
   injury to most foes and up to half again as much damage against particularly
   susceptible opponents.
   It can also slow down cold-blooded creatures.
   It protects you from poison.
   It affects your resistance to hostile enchantments.
   It lets you blink.
 e - the +0 hand crossbow of Premature Burial {penet, MR++ Int+5 Dex-3}
   (You took it off a minotaur in a labyrinth)

   Ammo fired by it will pass through the targets it hits, potentially hitting
   all targets in its path until it reaches maximum range.
   It affects your intelligence (+5).
   It affects your dexterity (-3).
   It affects your resistance to hostile enchantments.
 s - the +7 flail of Tartarus {crush, rN+}
   (You found it on level 6 of the Dungeon)

   It inflicts extra damage upon your enemies.
   It protects you from negative energy.
 w - a +0 blowgun
 C - a +0 broad axe
Missiles
 b - 113 bolts
 h - 15 curare-tipped needles
 k - 4 throwing nets
 t - 8 silver bolts
 U - 7 poisoned javelins (quivered)
Armour
 c - a +2 pair of boots of flying (worn)
 r - a +2 hat of intelligence (worn)
 G - the +2 cloak of the Swan (worn) {MP+9 SInv}
   (You found it on level 2 of the Lair of Beasts)

   It affects your magic capacity (+9).
   It lets you see invisible.
 O - a +1 plate armour of fire resistance (worn)
 R - the +0 buckler "Quwit" (worn) {*Drain MR+ Dex+4 Stlth+}
   (You acquired it on level 5 of the Lair of Beasts)

   It affects your dexterity (+4).
   It affects your resistance to hostile enchantments.
   It causes draining when unequipped.
   It makes you more stealthy.
Jewellery
 g - a ring of poison resistance (right claw)
 D - a ring of protection from cold (left claw)
 P - the amulet of the Lily (around neck) {Reflect rElec rN+ Str+3 Int+3 SH+4}
   (You found it on level 3 of the Lair of Beasts)

   [amulet of reflection]

   It shields you and reflects attacks.
   It affects your strength (+3).
   It affects your intelligence (+3).
   It insulates you from electricity.
   It protects you from negative energy.
   It affects your SH (+4).
Wands
 y - a wand of paralysis (5/24)
 K - a wand of teleportation (5/9)
 L - a wand of disintegration (9/24)
Scrolls
 i - 3 scrolls of identify
 n - 3 scrolls of magic mapping
 p - 2 scrolls of immolation
 q - 9 scrolls of remove curse
 v - 3 scrolls of teleportation
 x - 5 scrolls of fog
Potions
 j - 4 potions of cancellation
 l - a potion of cure mutation
 m - a potion of ambrosia
 B - a potion of resistance
Books
 o - a Grand Grimoire

   Spells                             Type                      Level
   a - Monstrous Menagerie            Summoning                    6
   b - Summon Greater Demon           Summoning                    7
   c - Malign Gateway                 Summoning/Translocation      7
   d - Summon Horrible Things         Summoning                    8
 z - a book of Death

   Spells                             Type                      Level
   a - Corpse Rot                     Necromancy                   2
   b - Sublimation of Blood           Necromancy                   2
   c - Agony                          Necromancy                   5
   d - Dispel Undead                  Necromancy                   5
   e - Excruciating Wounds            Charms/Necromancy            5
   f - Bolt of Draining               Conjuration/Necromancy       5
 A - a book of the Warp

   Spells                             Type                      Level
   a - Recall                         Summoning/Translocation      3
   b - Gell's Gravitas                Hexes/Translocation          3
   c - Force Lance                    Conjuration/Translocation    4
   d - Phase Shift                    Translocation                5
   e - Warp Weapon                    Charms/Translocation         5
   f - Summon Forest                  Summoning/Translocation      5
Comestibles
 f - 12 bread rations
 I - 12 meat rations


   Skills:
 * Level 11.3 Fighting
 - Level 11.6(12.3) Axes
 - Level 7.0(10.2) Maces & Flails
 - Level 10.8 Armour
 * Level 15.8 Shields
 - Level 16.1 Invocations
 - Level 12.2 Evocations


You had 15 spell levels left.
You knew the following spells:

 Your Spells              Type           Power        Failure   Level  Hunger
a - Apportation           Tloc           #.........   100%        1    ##.....


Dungeon Overview and Level Annotations

Branches:
Dungeon (15/15)            Temple (1/1) D:7            Lair (8/8) D:8
  Swamp (4/4) Lair:4       Spider (4/4) Lair:3        Slime (0/6) Lair:6
    Orc (2/2) D:11            Elf (0/3) Orc:2        Vaults (1/5) D:14
 Depths (0/5) D:15

Altars:
Ashenzari
Cheibriados
Dithmenos
Elyvilon
Fedhas
Makhleb
Nemelex Xobeh
Pakellas
Qazlal
Ru
Sif Muna
Trog
Yredelemnul
Zin
The Shining One

Shops:
D:7 }   Orc:1 [   Orc:2 ?:(%

Portals:
Trove: D:12 (give +4 fire dragon armour)

Annotations:
Spider:2 Norris
Spider:4 exclusion: upstairs


Innate Abilities, Weirdness & Mutations

You have claws for hands.
You have an unnaturally thin skeletal structure (Dex +6, Stealth++).
You sometimes gain power by taking damage.
You are partially covered in sharp spines.


Message History

r - Retreat! s - Stop attacking. w - Wait here. f - Follow me.
Anything else - Stay silent.
Gang up on whom?
Press: ? - help, Dir - move target cursor, f - balrug
Aim: a balrug, wielding a demon whip of venom (lightly wounded, sheltered from injuries, summoned) Attack!
Your vampire mosquito bites the balrug!
Your vampire mosquito bites the balrug!
The balrug hits your vampire mosquito with a demon whip of venom!!
Your vampire mosquito is engulfed in flames!!
Your vampire mosquito is destroyed!
Your vampire mosquito's corpse dissolves into shadows!
Your vampire mosquito barely misses the balrug.
Your vault sentinel hits the vault warden with a morningstar!
Your vampire mosquito bites the balrug.
The vault warden activates a sealing rune.
The ironheart preserver hits your vault sentinel with a morningstar.
The balrug gestures at you. Something smites you!
You die...

.................................
..###++##''####....##############
..##.........##....# ###
..##.........##....# #.. ..
#.........##....# #.. .
#.........##....# #..
#..>......##....# #..
#.........##.)..##### #..
############.@.ppp..# #..
#...p#.#p# #.. #...C#p.. #..
#...2#$.... #.. #..yy#.#....# #..
#....#......# #.. #....#.. #+##
#.. #....#.# #.. #######....# ###


You could see an ironheart preserver, a vault warden, a balrug, a vault guard
(fleeing), a vault sentinel, a friendly hill giant, a friendly vault sentinel
and 2 friendly vampire mosquitoes.

Vanquished Creatures
  the Lernaean hydra (Swamp:3)
  Kirke (Spider:3)
  A vault warden (Vaults:1)
  A ghost moth (Spider:4)
  Snorg (Orc:1)
  2 yaktaur captains (Vaults:1)
  3 vault guards (Vaults:1)
  9 hydras
  3 catoblepae
  2 death knights
  3 centaur warriors
  7 alligators
  15 death yaks
  4 ogre magi
  A deep elf knight (Vaults:1)
  Nergalle (Lair:2)
  A fire crab (shapeshifter) (Vaults:1)
  6 skeletal warriors (D:14)
  3 shambling mangroves
  A deep elf archer (Vaults:1)
  9 swamp dragons
  A necromancer (D:15)
  3 hill giants
  2 orc knights
  An orb spider (Spider:1)
  A harpy (shapeshifter) (D:15)
  2 ironbrand convokers (Vaults:1)
  A wolf spider zombie (D:15)
  11 wolf spiders
  2 wizards (D:15)
  7 deep elf magi
  5 orc sorcerers
  5 griffons
  2 cyclopes
  4 hornets
  4 black mambas
  Maurice (D:8)
  An elephant (Lair:8)
  3 torpor snails
  2 gargoyles (D:15)
  15 spiny frogs
  A vault sentinel (Vaults:1)
  3 yaktaurs (D:14)
  7 centaur skeletons
  7 komodo dragons
  A fire drake (Lair:4)
  7 demonic crawlers
  5 trolls
  2 freezing wraiths (D:14)
  2 guardian mummies (D:12)
  A merfolk (D:10)
  A giant leech (Swamp:3)
  7 two-headed ogres
  13 blink frogs
  12 jumping spiders
  4 bog bodies
  14 slime creatures
  A human simulacrum (Vaults:1)
  9 trapdoor spiders
  2 spriggans
  4 tarantellas
  19 redbacks
  48 yaks
  A basilisk (Lair:2)
  2 wyverns (Lair:5)
  7 hogs (Spider:3)
  3 fire bats (Lair:5)
  9 hippogriffs
  A hungry ghost (D:13)
  5 wolves (Lair:6)
  A steam dragon (D:14)
  8 swamp worms
  3 insubstantial wisps (Swamp:2)
  23 vampire mosquitoes
  3 wargs
  2 soldier ants (Spider:4)
  21 water moccasins
  15 porcupines
  8 swamp drakes
  3 black bears
  22 orc warriors
  6 wasps
  4 ice beasts
  5 necrophages
  3 sky beasts
  13 crocodiles
  2 phantoms (D:6)
  25 ogres
  4 centaurs
  A big kobold (D:10)
  13 giant frogs
  2 wyvern zombies
  An earth elemental (Lab)
  2 wyvern skeletons (D:14)
  2 scorpions (D:10)
  The ghost of nublet the Skirmisher, a weakling HOFi (D:4)
  2 water moccasin skeletons
  19 killer bees
  13 wights
  2 electric eels (Lair:5)
  6 crimson imps
  7 lava snakes
  3 centaur zombies
  7 jellies
  2 quasits
  2 giant frog zombies
  4 hounds
  24 orc wizards
  A wasp zombie (D:6)
  16 orc priests
  A gnoll shaman (D:5)
  A giant frog skeleton (D:7)
  9 iguanas
  Natasha (thrice) (D:3)
  27 worker ants
  A killer bee zombie (D:6)
  15 sheep
  An ogre skeleton (Lab)
  A hound zombie (D:10)
  3 worker ant zombies
  12 adders
  11 gnolls
  25 river rats
  6 shadow imps
  12 white imps (D:13)
  2 adder zombies
  An adder skeleton (D:8)
  4 worms
  5 giant geckos
  80 orcs
  9 giant cockroaches
  13 goblins
  6 hobgoblins
  14 jackals
  4 quokkas
  A ball python (D:2)
  3 bats
  8 giant newts
  10 kobolds
  8 rats
  3 bushes
  3 fungi
  4 plants
953 creatures vanquished.

Vanquished Creatures (collateral kills)
  Jorgrun (Swamp:2)
  Donald (Orc:2)
  Maud (Lair:8)
  The ghost of Tommers the Basher, a journeyman GrEE of Pakellas (Spider:2)
  2 ghost moths (Spider:4)
  3 emperor scorpions
  A very ugly thing (Swamp:4)
  3 spark wasps (Spider:4)
  A minotaur (Lab)
  A catoblepas (Lair:8)
  An entropy weaver (Spider:2)
  9 hydras
  A ghost crab (Swamp:2)
  An alligator (Swamp:4)
  2 death yaks (Lair:6)
  3 orc high priests (Orc:2)
  Sonja (Orc:2)
  A skeletal warrior (D:14)
  4 swamp dragons (Swamp:4)
  4 orb spiders
  2 wolf spiders (Spider:4)
  4 orc knights (Orc:2)
  An oklob plant (Lair:5)
  An orc sorcerer (Orc:2)
  2 hornets (Spider:4)
  3 elephants (Lair:8)
  A black mamba (Lair:8)
  5 spiny frogs
  A komodo dragon (Lair:8)
  A demonic crawler (Spider:2)
  3 jumping spiders
  2 bog bodies
  3 slime creatures (Swamp:3)
  A boulder beetle (Lair:3)
  2 blink frogs (Lair:6)
  A trapdoor spider (Spider:1)
  4 redbacks
  A yak (Lair:8)
  A vampire mosquito (Swamp:3)
  A swamp worm (Swamp:4)
  2 water moccasins
  3 swamp drakes
  A wasp (Spider:4)
  4 orc warriors (Orc:2)
  A crocodile (Lair:8)
  2 orc priests (Orc:2)
  2 iguanas (Lair:3)
  8 orc wizards
  A worker ant (Lair:3)
  4 river rats (Lair:8)
  2 orcs (Orc:2)
  A fungus (Lair:8)
113 creatures vanquished.

Vanquished Creatures (others)
  A wolf spider simulacrum (D:15)
  A redback (Spider:2)
  A centaur (D:8)
  A jelly (D:10)
  An orc (D:8)
  5 fungi
  27 plants
37 creatures vanquished.

Grand Total: 1103 creatures vanquished

Notes
Turn   | Place    | Note
--------------------------------------------------------------
     0 | D:1      | Chiseanne the Demonspawn Fighter began the quest for the Orb.
     0 | D:1      | Reached XP level 1. HP: 18/18 MP: 1/1
    86 | D:1      | Gained mutation: You are partially covered in sharp spines. [demonic ancestry]
    86 | D:1      | Reached XP level 2. HP: 8/24 MP: 2/2
   581 | D:2      | Reached XP level 3. HP: 29/29 MP: 3/3
   589 | D:2      | Gained mutation: You sometimes gain a little power by taking damage. [demonic ancestry]
   589 | D:2      | Reached XP level 4. HP: 4/37 MP: 4/4
  1403 | D:3      | Reached skill level 4 in Fighting
  1417 | D:3      | Noticed Natasha
  1422 | D:3      | Killed Natasha
  1422 | D:3      | Reached XP level 5. HP: 42/42 MP: 5/5
  1522 | D:3      | Noticed Natasha
  1537 | D:3      | Killed Natasha
  1556 | D:3      | Found a basalt altar of Yredelemnul.
  1579 | D:3      | Noticed Natasha
  1583 | D:3      | Killed Natasha
  1583 | D:3      | Gained mutation: You have a somewhat thin skeletal structure (Dex +2, Stealth). [demonic ancestry]
  1583 | D:3      | Reached XP level 6. HP: 31/49 MP: 6/6
  1804 | D:4      | Noticed nublet's ghost (weakling HOFi)
  1817 | D:4      | Killed nublet's ghost
  2342 | D:5      | Entered Level 5 of the Dungeon
  3127 | D:6      | Got a warped flail
  3133 | D:6      | Reached skill level 5 in Fighting
  3133 | D:6      | Reached XP level 7. HP: 52/56 MP: 7/7
  3134 | D:6      | Identified the +7 flail of Tartarus {crush, rN+} (You found it on level 6 of the Dungeon)
  3176 | D:6      | Reached skill level 1 in Maces & Flails
  3215 | D:6      | Found a sparkling altar of Nemelex Xobeh.
  3529 | D:6      | Reached skill level 5 in Armour
  3590 | D:6      | Reached skill level 5 in Shields
  3596 | D:6      | Reached XP level 8. HP: 60/64 MP: 8/8
  3767 | D:6      | Found a blossoming altar of Fedhas.
  3876 | D:6      | Reached skill level 6 in Fighting
  4029 | D:7      | Found an oddly glowing altar of Pakellas.
  4029 | D:7      | Found Pakellas's Prime Provisions.
  4320 | D:7      | Gained mutation: You have sharp fingernails. [demonic ancestry]
  4320 | D:7      | Reached XP level 9. HP: 62/70 MP: 9/9
  4583 | D:7      | Found a staircase to the Ecumenical Temple.
  4594 | Temple   | Entered the Ecumenical Temple
  4619 | Temple   | Became a worshipper of Makhleb the Destroyer
  5095 | D:8      | Reached skill level 7 in Fighting
  5103 | D:8      | Reached * piety under Makhleb
  5250 | D:8      | Noticed Maurice
  5268 | D:8      | Killed Maurice
  5268 | D:8      | Reached skill level 5 in Maces & Flails
  5676 | D:8      | Found a staircase to the Lair.
  5844 | D:9      | Reached ** piety under Makhleb
  6024 | D:9      | Gained mutation: You sometimes gain power by taking damage. [demonic ancestry]
  6024 | D:9      | Reached XP level 10. HP: 80/80 MP: 10/10
  6028 | D:9      | Found a sacrificial altar of Ru.
  6129 | D:9      | Reached skill level 8 in Fighting
  6322 | D:10     | Entered Level 10 of the Dungeon
  6424 | D:10     | Reached *** piety under Makhleb
  6529 | D:10     | Found a stormy altar of Qazlal.
  6792 | D:10     | Reached skill level 1 in Invocations
  7346 | D:11     | Found a staircase to the Orcish Mines.
  7479 | D:11     | Reached XP level 11. HP: 87/87 MP: 12/14
  7525 | D:11     | Reached **** piety under Makhleb
  7787 | D:11     | Noticed a hill giant
  7801 | D:11     | Killed a hill giant
  7801 | D:11     | Reached skill level 5 in Invocations
  7884 | D:12     | Found a bloodstained altar of Trog.
  7969 | D:12     | Noticed a centaur warrior
  7980 | D:12     | Killed a centaur warrior
  7989 | D:12     | Noticed a hill giant
  7997 | D:12     | Killed a hill giant
  8025 | D:12     | Found a glowing golden altar of the Shining One.
  8062 | D:12     | Reached skill level 9 in Armour
  8093 | D:12     | Found a portal to a secret trove of treasure.
  8100 | D:12     | Reached skill level 5 in Axes
  8679 | D:13     | Found a frozen archway.
  8730 | D:13     | Reached ***** piety under Makhleb
  8748 | D:13     | Noticed a deep elf mage
  8762 | D:13     | Killed a deep elf mage
  8977 | D:13     | Noticed a death knight
  8985 | D:13     | Killed a death knight
  9014 | D:13     | Noticed a centaur warrior
  9031 | D:13     | Killed a centaur warrior
  9031 | D:13     | Gained mutation: You have a moderately thin skeletal structure (Dex +4, Stealth+). [demonic ancestry]
  9031 | D:13     | Reached XP level 12. HP: 89/93 MP: 18/18
  9320 | D:14     | Noticed a death knight
  9331 | D:14     | Killed a death knight
  9354 | D:15     | Entered Level 15 of the Dungeon
  9714 | D:15     | Reached skill level 10 in Armour
  9721 | D:15     | Noticed an ogre mage
  9829 | D:15     | Killed an ogre mage
  9960 | D:15     | Noticed an ogre mage
  9970 | D:15     | Reached skill level 10 in Shields
  9972 | D:15     | Killed an ogre mage
 10049 | D:15     | Noticed a six-headed hydra
 10244 | D:14     | Reached skill level 10 in Invocations
 10273 | D:14     | Noticed an ogre mage
 10280 | D:14     | Killed an ogre mage
 10537 | D:14     | Noticed a catoblepas
 10560 | D:14     | Killed a catoblepas
 10704 | D:14     | Gained mutation: You have very sharp fingernails. [demonic ancestry]
 10704 | D:14     | Reached XP level 13. HP: 71/99 MP: 20/20
 10850 | D:14     | Found a gate to the Vaults.
 11441 | D:14     | Reached ****** piety under Makhleb
 11441 | D:14     | Reached skill level 11 in Invocations
 11768 | D:14     | Noticed a blizzard demon
 12666 | D:15     | Found a staircase to the Depths.
 12926 | D:13     | Reached skill level 12 in Invocations
 13011 | Orc:1    | Entered Level 1 of the Orcish Mines
 13084 | Orc:1    | Found a deep blue altar of Sif Muna.
 13275 | Orc:1    | Identified Sif Muna's Disquisition on Cold
 13385 | Orc:2    | Entered Level 2 of the Orcish Mines
 13435 | Orc:1    | Noticed Snorg
 13453 | Orc:1    | Found Obushrepu's Armour Shoppe.
 13478 | Orc:1    | Killed Snorg
 13491 | Orc:1    | Bought a +0 pair of boots of flying for 184 gold pieces
 14007 | Orc:2    | Found a staircase to the Elven Halls.
 14254 | Orc:2    | Noticed Donald
 14798 | Orc:2    | Noticed Sonja
 14804 | Orc:2    | Killed Sonja
 15002 | Orc:2    | Killed Donald
 15004 | Orc:2    | Reached skill level 13 in Invocations
 15226 | Orc:2    | Found Ytemn's Magic Scroll Boutique.
 15254 | Orc:2    | Found Daub's Antique Weapon Shoppe.
 15272 | Orc:2    | Found Hisyff's Food Shoppe.
 15274 | Orc:2    | Found Huqiguc's Book Boutique.
 15499 | Orc:2    | Bought a scroll of enchant weapon for 120 gold pieces
 15499 | Orc:2    | Bought a scroll of enchant weapon for 120 gold pieces
 15499 | Orc:2    | Bought a scroll of identify for 32 gold pieces
 15499 | Orc:2    | Bought a scroll of identify for 32 gold pieces
 15499 | Orc:2    | Bought a scroll of magic mapping for 56 gold pieces
 15499 | Orc:2    | Bought a scroll of teleportation for 48 gold pieces
 15499 | Orc:2    | Bought a scroll of remove curse for 48 gold pieces
 15499 | Orc:2    | Bought a scroll of teleportation for 48 gold pieces
 15499 | Orc:2    | Bought a scroll of fog for 32 gold pieces
 15499 | Orc:2    | Bought a scroll of blinking for 120 gold pieces
 15499 | Orc:2    | Bought a scroll of fog for 32 gold pieces
 15501 | Orc:2    | Bought 3 scrolls of brand weapon for 960 gold pieces
 15501 | Orc:2    | Bought a scroll of remove curse for 48 gold pieces
 15694 | Lair:1   | Entered Level 1 of the Lair of Beasts
 15766 | Lair:1   | Gained mutation: You have an increased reservoir of magic (+10% MP). [potion of beneficial mutation]
 15859 | Lair:1   | Gained mutation: You have claws for hands. [demonic ancestry]
 15859 | Lair:1   | Reached XP level 14. HP: 79/106 MP: 26/26
 16241 | Lair:1   | You are sucked into a shaft!
 16241 | Lair:2   | Noticed Nergalle
 16258 | Lair:2   | Killed Nergalle
 16482 | Lair:2   | Got a heavily runed cloak
 16561 | Lair:2   | Identified the +2 cloak of the Swan {MP+9 SInv} (You found it on level 2 of the Lair of Beasts)
 17337 | Lair:3   | Found a hole to the Spider Nest.
 17432 | Lair:3   | Reached skill level 10 in Axes
 17501 | Lair:3   | Reached skill level 14 in Invocations
 17690 | Lair:3   | Got a fine zirconium amulet
 17903 | Lair:3   | Identified the amulet of the Lily {Reflect rElec rN+ Str+3 Int+3 SH+4} (You found it on level 3 of the Lair of Beasts)
 18037 | Lair:4   | Found a staircase to the Swamp.
 18913 | Lair:5   | Found a labyrinth entrance.
 18938 | Lab      | Entered a labyrinth
 19270 | Lab      | Got a bloodstained hand crossbow {penet}
 19270 | Lab      | Got an uncursed translucent trident {freeze}
 19282 | Lab      | Identified the +10 trident of Cowardice {freeze, +Blink rPois MR+} (You took it off a minotaur in a labyrinth)
 19284 | Lab      | Identified the cursed +0 hand crossbow of Premature Burial {penet, MR++ Int+5 Dex-3} (You took it off a minotaur in a labyrinth)
 19286 | Lab      | Identified 3 scrolls of acquirement
 19465 | Lab      | Got a crude ivory ring
 19468 | Lab      | Identified the cursed ring of Cosha {rF+ rC- MP-9 AC-3 Int+6} (You found it in a labyrinth)
 19695 | Lair:5   | Learned a level 1 spell: Apportation
 20319 | Lair:5   | Got a fine cloak
 20330 | Lair:5   | Identified the -1 cloak of Vogg {rF+} (You acquired it on level 5 of the Lair of Beasts)
 20367 | Lair:5   | Got a brightly glowing buckler
 20378 | Lair:5   | Identified the +0 buckler "Quwit" {*Drain MR+ Dex+4 Stlth+} (You acquired it on level 5 of the Lair of Beasts)
 20973 | Lair:6   | Found a staircase to the Slime Pits.
 21327 | Lair:7   | Noticed an Executioner
 21336 | Lair:6   | Reached skill level 15 in Invocations
 22372 | Lair:8   | Entered Level 8 of the Lair of Beasts
 22372 | Lair:8   | Noticed Maud
 22386 | Lair:8   | Killed Maud
 22386 | Lair:8   | Reached XP level 15. HP: 67/112 MP: 29/29
 23091 | Lair:8   | Got a bloodstained robe
 23105 | Lair:8   | Identified the +4 robe of Duck's Teeth {Dex+3} (You found it on level 8 of the Lair of Beasts)
 23439 | Lair:8   | Reached skill level 16 in Invocations
 23547 | Lair:8   | Identified Dispater's Incunabulum of Earthen Attacks
 23735 | Lair:8   | Reached skill level 1 in Evocations
 24840 | Swamp:1  | Entered Level 1 of the Swamp
 25288 | Swamp:1  | Reached skill level 5 in Evocations
 25346 | Swamp:2  | Lost mutation: You have an increased reservoir of magic (+10% MP). [a cacodemon]
 25349 | Swamp:2  | Gained mutation: You tend to lose your temper in combat. [a cacodemon]
 25737 | Swamp:2  | Noticed Jorgrun
 25749 | Swamp:2  | Killed Jorgrun
 25877 | Swamp:4  | Entered Level 4 of the Swamp
 25913 | Swamp:3  | Reached skill level 10 in Evocations
 26616 | D:15     | Lost mutation: You tend to lose your temper in combat. [potion of cure mutation]
 27129 | Swamp:4  | Noticed the 27-headed Lernaean hydra
 27307 | Swamp:3  | HP: 2/112 [the 27-headed Lernaean hydra (5)]
 27537 | Swamp:3  | Killed the 27-headed Lernaean hydra
 27599 | Swamp:4  | Gained mutation: You have an unnaturally thin skeletal structure (Dex +6, Stealth++). [demonic ancestry]
 27599 | Swamp:4  | Reached XP level 16. HP: 118/118 MP: 28/28
 27761 | Swamp:4  | Got a decaying rune of Zot
 28027 | Spider:1 | Entered Level 1 of the Spider Nest
 28198 | Spider:2 | Noticed Tommers's ghost (journeyman GrEE)
 28217 | Spider:2 | Killed Tommers's ghost
 28689 | Spider:2 | Noticed Norris
 28716 | Spider:1 | HP: 5/122 [blizzard demon/the air[the player character] (3)]
 29072 | Spider:3 | Noticed Kirke
 29095 | Spider:3 | Killed Kirke
 29145 | Spider:4 | Entered Level 4 of the Spider Nest
 29186 | Spider:4 | Reached skill level 10 in Fighting
 29470 | Spider:4 | Reached skill level 15 in Shields
 29515 | Spider:4 | HP: 6/123 [spark wasp (3)]
 29946 | Spider:4 | Got a gossamer rune of Zot
 30406 | Vaults:1 | Entered Level 1 of the Vaults
 31193 | Vaults:1 | Reached XP level 17. HP: 129/131 MP: 29/29
 31417 | Vaults:1 | HP: 6/131 [balrug/demon whip of venom[the player character] (7)]
 31420 | Vaults:1 | Killed from afar by a balrug

Vault maps used:
D:1:      minmay_arrival_shattered_statue
D:3:      first_bread, yredelemnul_altar_generic, uniq_natasha
D:5:      minmay_misc_feat_four_crosses
D:6:      marbit_many_paths, fedhas_altar_decomposition
D:7:      temple_hall, johnstein_pakellas_shop
D:8:      lair_0_dummy, enter_bailey_3, uniq_maurice
D:9:      lemuel_coloured_pillars_altar
D:10:     hangedman_stone_soup, nicolae_qazlal_eye_of_the_storm
D:11:     orc_0_dummy
D:12:     basic_altar, nicolae_trove_entry_path_of_doom,
          minmay_misc_feat_enclosed, wad_floor_pattern_untrapped,
          nicolae_tso_carved_into_rock
D:13:     portal_ice_cave_entry_imps
D:14:     hangedman_vaults_entry_quadrant_bands, minivault_25
D:15:     grunt_enter_depths_magical_seal, roderic_lattice_a
Temple:   grunt_circular_temple_18
Lair:2:   grunt_megastairs_5, uniq_nergalle
Lair:3:   nicolae_spider_entry_non_spiders, disabler_island,
          lemuel_fruit_fields, serial_bayou_shore_a
Lair:4:   swamp_mist
Lair:5:   lab_entry_generic
Lair:6:   minmay_slime_entry_pillars, infiniplex_staircase_pool_2,
          grunt_megastairs_1
Lair:7:   serial_forest, infiniplex_forest_clump_long,
          infiniplex_forest_zigzag_1, infiniplex_forest_lined_room_,
          infiniplex_forest_clump_double, infiniplex_forest_clump_curved,
          infiniplex_forest_end_2
Lair:8:   evilmike_catoblepas_cave, uniq_maud
Swamp:1:  hangedman_swamp_ruin_wall, swamp_pool1
Swamp:2:  cheibrodos_swamp_heart_of_darkness, serial_swamp_ruin,
          evilmike_swamp_ruin_wall, evilmike_swamp_ruin_house_3, uniq_jorgrun
Swamp:3:  evilmike_swamp_ruin_rubble_1, swamp_pool4
Swamp:4:  swamp_alternative
Spider:1: nicolae_spider_shape
Spider:2: uniq_norris
Spider:3: uniq_kirke
Spider:4: spider_rune_water, minmay_another_anthill
Orc:1:    serial_shops, shop, led_sif_book, uniq_snorg
Orc:2:    st_orc_elflike, nicolae_orc_damp_corner, uniq_donald, uniq_sonja
Vaults:1: nicolae_vaults_alarming, nicolae_vaults_what_the_h,
          hangedman_vaults_locks, v_alt_pattern_3, nicolae_vaults_statue_guard,
          vaults_room_pool, nicolae_vaults_little_squares_4
Lab:      labyrinth_watery, nicolae_lab_statue, nicolae_lab_grate,
          nicolae_lab_flowing_pool, nicolae_lab_garden, labyrinth_lava_lair,
          nicolae_lab_grate_2

Action                   |  1- 3 |  4- 6 |  7- 9 | 10-12 | 13-15 | 16-18 || total
-------------------------+-------+-------+-------+-------+-------+-------++-------
Melee: War axe           |    58 |   105 |       |       |       |       ||   163
       Whip              |       |     7 |       |       |       |       ||     7
       Flail             |       |       |   215 |   456 |   766 |    31 ||  1468
       Hand axe          |       |       |    51 |   133 |   699 |   543 ||  1426
 Fire: Blowgun           |       |     4 |       |    11 |    16 |       ||    31
       Hand crossbow     |       |       |       |       |     2 |       ||     2
Throw: Javelin           |       |    19 |    22 |    44 |    42 |    21 ||   148
       Throwing net      |       |       |       |       |     5 |       ||     5
Invok: Greater Servant o |       |       |       |       |    30 |    13 ||    43
 Abil: Evoke Flight      |       |       |       |       |       |     2 ||     2
Evoke: Wand              |       |       |     2 |     1 |    17 |     2 ||    22
  Use: Scroll            |     5 |     8 |     5 |     7 |    38 |     5 ||    68
       Potion            |       |     5 |     1 |     4 |    15 |    15 ||    40
 Stab: Sleeping          |       |       |     1 |       |       |       ||     1
       Invisible         |       |       |       |       |     5 |       ||     5
       Distracted        |       |       |       |       |     1 |     6 ||     7
       Confused          |       |       |       |       |     1 |       ||     1
       Held in net/web   |       |       |       |       |       |     2 ||     2
  Eat: Chunk             |       |     7 |    10 |    14 |    26 |     3 ||    60
       Pizza             |       |       |       |     1 |       |       ||     1
       Beef jerky        |       |       |       |     1 |     1 |     1 ||     3
       Fruit             |       |       |       |       |    16 |       ||    16
       Royal jelly       |       |       |       |       |     2 |       ||     2
       Bread ration      |       |       |       |       |     4 |     2 ||     6
